 Dungeon Crawl Stone Soup version 0.22.1-2-g9c5b331 (webtiles) character file.

49 redwoodhats the Grave Robber (level 3, -5/28 HPs)
             Began as a Deep Dwarf Necromancer on Dec 2, 2018.
             Slain by Crazy Yiuf
             ... wielding a +3 quarterstaff of chaos
              (10 damage)
             ... on level 2 of the Dungeon on Dec 3, 2018.
             The game lasted 00:11:25 (1118 turns).

redwoodhats the Grave Robber (DDNe)                 Turns: 1118, Time: 00:11:26

Health: -5/28      AC:  2    Str: 11    XL:     3   Next: 51%
Magic:  0/5        EV: 13    Int: 16    God:
Gold:   74         SH:  0    Dex: 13    Spells: 5/6 levels left

rFire    . . .     SeeInvis .   e - +0 falchion
rCold    . . .     Gourm    .   (no shield)
rNeg     . . .     Faith    .   a - +0 robe
rPois    .         Spirit   .   (no helmet)
rElec    .         Reflect  .   (no cloak)
rCorr    .         Harm     .   (no gloves)
MR       .....                  (no boots)
Stlth    ++........             (no amulet)
HPRegen  0.00/turn              (no ring)
MPRegen  0.09/turn              (no ring)

@: lethally poisoned (-5 -> -5), non-regenerating, drained
A: damage resistance, heal wounds, sense surroundings 1, no regeneration
a: Heal Wounds


You were on level 2 of the Dungeon.
You were not hungry.

You visited 1 branch of the dungeon, and saw 2 of its levels.

You collected 74 gold pieces.

Inventory:

Hand Weapons
 d - a +0 short sword
 e - a +0 falchion (weapon)
 f - a +0 war axe
 h - a -2 whip
 j - a cursed -2 dagger
 k - a +0 short sword
Armour
 a - a +0 robe (worn)
 b - a cursed +0 plate armour
Scrolls
 i - a scroll of enchant weapon {unknown}
 l - a scroll of amnesia {unknown}
Potions
 g - a potion of brilliance
Comestibles
 c - 8 rations


   Skills:
 + Level 0.1(0.0) Maces & Flails
 + Level 2.8(2.4) Dodging
 + Level 2.5(2.2) Stealth
 + Level 0.4(0.1) Unarmed Combat
 + Level 2.3(1.9) Spellcasting
 + Level 4.9(4.6) Necromancy


You had 5 spell levels left.
You knew the following spells:

 Your Spells              Type           Power        Failure   Level  Hunger
a - Pain                  Necr           ###.         3%          1    #......

Your spell library contained the following spells:

 Spells                   Type           Power        Failure   Level  Hunger
 Animate Skeleton         Necr           N/A          3%          1    #......
 Vampiric Draining        Necr           ###.......   10%         3    ###....
 Animate Dead             Necr           N/A          30%         4    #####..
 Regeneration             Chrm/Necr      Unusable     N/A         3    N/A

Dungeon Overview and Level Annotations

Branches:
Dungeon (2/15)

Altars:

Annotations:
D:2 Crazy Yiuf, Robin


Innate Abilities, Weirdness & Mutations

You are resistant to damage.
You can heal yourself by infusing magical energy.
You passively map a small area around you.
You do not regenerate.


Message History

You are poisoned.
Casting: Pain (safe; 2% risk of failure)
Confirm with . or Enter, or press ? or * to list all spells.
Aiming: Pain (safe; 2% risk of failure)
Press: ? - help, Shift-Dir - straight line, f/p - Crazy Yiuf
Aim: Crazy Yiuf, wielding a quarterstaff of chaos and wearing a glowing cloak Crazy Yiuf barely resists.
Casting: Pain (safe; 2% risk of failure)
Confirm with . or Enter, or press ? or * to list all spells.
You don't have enough magic to cast that spell.
Unknown command.
You closely miss Crazy Yiuf.
Crazy Yiuf is heavily wounded.
Crazy Yiuf screams, "Paint snail Hive!"
Crazy Yiuf hits you with a quarterstaff of chaos!
* * * LOW HITPOINT WARNING * * *
You feel drained.
* * * LOW HITPOINT WARNING * * *
Crazy Yiuf hits you with a quarterstaff of chaos!
You die...

########## .........#
........## ........#
........#######
.........#..#.### ###
.............#..##...#
............####@g...#
.........#.## ###..)#
#######.#### * ### #.#
#.# * ### * * * , , ,
* * *


You could see Crazy Yiuf.

Vanquished Creatures
  An adder (D:2)
  3 dart slugs
  A leopard gecko (D:2)
  4 bats (D:1)
  6 goblins
  3 hobgoblins (D:1)
  8 kobolds (D:1)
  2 frilled lizards
  2 rats (D:1)
30 creatures vanquished.

Notes
Turn   | Place    | Note
-------+----------+-------------------------------------------
     0 | D:1      | redwoodhats the Deep Dwarf Necromancer began the quest for
                  | the Orb.
     0 | D:1      | Reached XP level 1. HP: 15/15 MP: 3/3
   295 | D:1      | Reached XP level 2. HP: 10/22 MP: 0/4
   729 | D:1      | Reached XP level 3. HP: 23/28 MP: 1/5
   918 | D:2      | Noticed Robin
  1106 | D:2      | Found a runed door.
  1110 | D:2      | Noticed Crazy Yiuf
  1118 | D:2      | Slain by Crazy Yiuf

Skill      XL: |  1  2 |
---------------+-------+-----
Spellcasting   | 2 |  2.3
Maces & Flails | |  0.1
Dodging        | |  2.8
Stealth        | |  2.5
Unarmed Combat | |  0.4
Necromancy     | |  4.9

Action                   || total
-------------------------++-------
Melee: Unarmed           ||    14
       Whip              ||    18
       Falchion          ||     7
       Short sword       ||     2
 Cast: Pain              ||    50
 Abil: Heal Wounds       ||     1
  Use: Potion            ||     3
       Scroll            ||     2
  Eat: Ration            ||     1
Armor: Robe              ||     4
Dodge: Dodged            ||    42
       Rpst.: Falchion   ||     3
